 Dungeon Crawl Stone Soup version 0.22-a0-223-g0f5d773 (webtiles) character file.

10 galech the Cudgeler (level 2, 21/25 HPs)
             Began as a Ghoul Gladiator on Feb 18, 2018.
             Quit the game on level 1 of the Dungeon.
             The game lasted 00:01:15 (422 turns).

galech the Cudgeler (Ghoul Gladiator)                Turns: 422, Time: 00:01:16

Health: 21/25      AC:  4    Str: 17    XL:     2   Next: 20%
Magic:  1/1        EV: 12    Int:  3    God:
Gold:   13         SH:  0    Dex: 10    Spells: 1/1 levels left

rFire    . . .     SeeInvis .   a - +0 flail
rCold    + . .     Gourm    .   (no shield)
rNeg     + + +     Faith    .   b - +0 leather armour
rPois    ∞         Spirit   .   c - +0 helmet
rElec    .         Reflect  .   (no cloak)
rCorr    .         Harm     .   (no gloves)
MR       .....                  (no boots)
Stlth    +.........             (no amulet)
HPRegen  0.08/turn              (no ring)
MPRegen  0.07/turn              (no ring)

@: rotting
A: rotting body, claws 1, carnivore, cold resistance 1, negative energy
resistance 3, inhibited regeneration, torment resistance, unbreathing
a: no special abilities


You were on level 1 of the Dungeon.
You were not hungry.

You visited 1 branch of the dungeon, and saw 1 of its levels.

You collected 13 gold pieces.

Inventory:

Hand Weapons
 a - a +0 flail (weapon)
Missiles
 d - 3 throwing nets (quivered)
Armour
 b - a +0 leather armour (worn)
 c - a +0 helmet (worn)
Scrolls
 h - a scroll of identify {unknown}
 j - a scroll of remove curse {unknown}
Potions
 e - a potion of brilliance {unknown}
 i - a potion of heal wounds {unknown}
Comestibles
 f - 2 rations
 g - 3 chunks of flesh


   Skills:
 + Level 2.3 Fighting
 + Level 3.0 Maces & Flails
 + Level 1.8 Throwing
 + Level 2.9 Dodging


You had one spell level left.
You didn't know any spells.

Dungeon Overview and Level Annotations

Branches:
Dungeon (1/15)

Altars:


Innate Abilities, Weirdness & Mutations

Your body is rotting away.
You thrive on raw meat.
You are immune to poison.
You have sharp fingernails.
You are carnivorous and can eat meat at any time.
Your flesh is cold resistant. (rC+)
You are immune to negative energy. (rN+++)
You do not regenerate when monsters are visible.
You are immune to unholy pain and torment.
You can survive without breathing.


Message History

You miss the bat. The bat hits you but does no damage.
You sock the bat!
You kill the bat!
Your Maces & Flails skill increases to level 3!
No target in view!
No target in view!
No target in view!
No target in view!
No target in view!
No target in view!
No target in view!
No target in view!
No target in view!
No target in view!
No target in view!
No target in view!
No target in view!
No target in view!
No target in view!
Are you sure you want to abandon this character and quit the game? (Confirm with "yes".)

####.#.........
#.........####. #.##.#....#
####.##......# ####
#....##......### ...#
#.#............ ##.#
#....##......#.# #.#
##...##......#... #.#
#.####.#@#.##### #.#
#.#............. #.#
#...###.######## #.# #...#
#.# #.# ###.>.###.### #.#
##.#...#...(.### #
#.###.#.....)......#####.#
##.#...........)..........#
#...#.#.#..##.....####.##.#


There were no monsters in sight!

Vanquished Creatures
  2 bats (D:1)
  3 hobgoblins (D:1)
  A frilled lizard (D:1)
  2 kobolds (D:1)
  3 rats (D:1)
11 creatures vanquished.

Notes
Turn   | Place    | Note
-------+----------+-------------------------------------------
     0 | D:1      | galech the Ghoul Gladiator began the quest for the Orb.
     0 | D:1      | Reached XP level 1. HP: 17/17 MP: 0/0
   293 | D:1      | Reached XP level 2. HP: 24/24 MP: 1/1
   421 | D:1      | Reached skill level 3 in Maces & Flails
   422 | D:1      | Quit the game

Vault maps used:
D:1:      sevenhm_arrival_forest_fort_large_4

Skill      XL: |  1  2 |
---------------+-------+-----
Maces & Flails | 3 |  3.0
Fighting       | |  2.3
Throwing       | |  1.8
Dodging        | |  2.9

Action                   || total
-------------------------++-------
Melee: Flail             ||    36
Armor: Leather armour    ||    19
Dodge: Dodged            ||    34

Table legend:
 A = Spawn XP
 B = Non-spawn XP
 C = Spawn XP percentage of total XP
 D = Spawn monster count
 E = Non-spawn monster count
 F = Spawn count percentage of total count
 G = Total turns spent on level
                    A         B        C        D         E        F      G
               +---------+---------+-------+---------+---------+-------+---------
         Total |       0 |      15 |   0.0 |       0 |      11 |   0.0 |   422
               +---------+---------+-------+---------+---------+-------+---------
           D:1 |       0 |      15 |   0.0 |       0 |      11 |   0.0 |   422
               +---------+---------+-------+---------+---------+-------+---------
